 Dungeon Crawl Stone Soup version 0.32-a0-450-g080537f31e (webtiles) character file.

Game seed: 14729534335870275705

726 ezpacito the Trooper (level 7, 0/55 HPs)
             Began as a Demonspawn Chaos Knight on Feb 23, 2024.
             Was a Plaything of Xom.
             Slain by an ogre
             ... wielding a +3 giant spiked club of chaos
              (34 damage)
             ... on level 5 of the Dungeon.
             The game lasted 00:05:31 (4121 turns).

ezpacito the Trooper (Demonspawn Chaos Knight)      Turns: 4121, Time: 00:05:31

Health: 0/55       AC:  7    Str: 14    XL:     7   Next: 44%
Magic:  11/11      EV: 11    Int: 13    God:    Xom [....*.]
Gold:   307        SH:  3    Dex: 12    Spells: 10/10 levels left

rFire   + . .        a - +0 hand axe (chaos)
rCold   . . .        g - +0 buckler
rNeg    . . .        b - +2 leather armour
rPois   .            (helmet restricted)
rElec   .            (no cloak)
rCorr   .            (no gloves)
SInv    +            l - +1 pair of boots
Will    .....        (no amulet)
Stlth   ++           i - ring of see invisible
HPRegen 0.29/turn    (no ring)
MPRegen 0.12/turn

%: no passive effects
@: mighty
A: foul stench 1, weakness stinger 1, horns 1, fire resistance 1, high MP 1,
wild magic 1
a: Renounce Religion


You were on level 5 of the Dungeon.
You worshipped Xom.
You were a beloved toy of Xom.
You visited 2 branches of the dungeon, and saw 6 of its levels.

You collected 307 gold pieces.

Inventory:

Hand Weapons
 a - a +0 hand axe of chaos (weapon)
Missiles
 k - 5 datura-tipped darts (quivered)
 p - 2 poisoned darts
 A - 5 darts of dispersal
Armour
 b - a +2 leather armour (worn)
 e - an orb of mayhem
 g - a +0 buckler (worn)
 l - a +1 pair of boots (worn)
 t - a +0 chain mail
Jewellery
 i - a ring of see invisible (left hand)
Talismans
 r - a blade talisman
 x - a dragon-blood talisman
Scrolls
 c - 2 scrolls of blinking {unknown}
 d - a scroll of enchant weapon {unknown}
 h - a scroll of noise {unknown}
 o - 2 scrolls of teleportation {unknown}
 s - a scroll of poison {unknown}
 u - a scroll of brand weapon {unknown}
 v - 3 scrolls of enchant armour {unknown}
 w - a scroll of torment {unknown}
 y - a scroll of immolation {unknown}
Potions
 f - 4 potions of enlightenment
 j - a potion of might
 m - 2 potions of curing {unknown}
 n - a potion of heal wounds
 q - 2 potions of brilliance
 z - a potion of attraction {unknown}
 B - a potion of lignification {unknown}


   Skills:
 * Level 4.3 Fighting
 * Level 3.9 Axes
 + Level 1.5 Throwing
 * Level 3.3 Armour
 * Level 2.8 Dodging
 + Level 1.7 Stealth
 * Level 2.3 Unarmed Combat
 * Level 2.4 Spellcasting


You had 10 spell levels left.
You didn't know any spells.
Your spell library contained the following spells:

 Spells                   Type           Power      Damage    Failure   Level
 Freeze                   Ice            8%         1d3       47%         1
 Blink                    Tloc           4%         N/A       63%         2
 Lesser Beckoning         Tloc           4%         N/A       63%         2
 Momentum Strike          Conj/Tloc      4%         3d8       63%         2
 Frozen Ramparts          Ice            4%         1d1       83%         3
 Hailstorm                Conj/Ice       2%         3d5       83%         3


Dungeon Overview and Level Annotations

Branches:
Dungeon (5/15)             Temple (1/1) D:4

Altars:
Ashenzari
Cheibriados
Dithmenos
Gozag
Kikubaaqudgha
Makhleb
Nemelex Xobeh
Okawaru
Sif Muna
Trog
Uskayaw
Vehumet
Wu Jian
Xom
Yredelemnul

Shops:
D:4 [


Innate Abilities, Weirdness & Mutations

You may rarely emit foul miasma when damaged in melee.
You have a small tail.
You have a pair of small horns on your head.
Your flesh is heat resistant. (rF+)
You have an increased reservoir of magic. (+10% MP)
Your spells are a little harder to cast, but a little more powerful.


Message History

You hit the orc priest.
You kill the orc priest!
No target in view!
No target in view!
No target in view!
No target in view!
You see here a +2 dagger of flaming.
No target in view!
Found a quarterstaff.
You see here a +0 quarterstaff.
An orc comes into view. It is wielding a +0 dagger.
Found a stone staircase leading up.
The orc shouts!
An ogre comes into view. It is wielding a +0 giant spiked club.
The orc closely misses you.
The ogre moves out of view.
You slash the orc! You freeze the orc.
You kill the orc!
You see here a +0 dagger.
The ogre shouts!
The ogre hits you with a +0 giant spiked club!
You hit the ogre. You burn the ogre. You headbutt the ogre.
The ogre is heavily wounded.
The ogre hits you with a +0 giant spiked club!!
You are too injured to fight recklessly!
You are too injured to fight recklessly!
You are too injured to fight recklessly!
An ogre is nearby!
You are too injured to fight recklessly!
You feel much better.
Xom chortles.
The ogre's +0 giant spiked club erupts in a glittering mayhem of colour.
You are now a beloved toy of Xom.
The ogre closely misses you.
You feel very mighty all of a sudden.
You slash the ogre!
The ogre is poisoned.
The ogre is almost dead.
The ogre hits you with a +3 giant spiked club of chaos!!
Ouch! That really hurt!
You die... "It's all fun and games until someone loses an eye."

.. ....... ###
............#
#.......#.##.# ###
#..........##.###...#
#..........##.O.....#
#............@.#
#..........#..###..
#.......?..)........
...............##...
#...........<.# .
##.......###..#
##..#....## ..#
####.....##.# #.#
##....#..###.# .#


You could see an ogre (very poisoned).

Vanquished Creatures
  Grinder (D:3)
  2 ogres
  A scorpion (D:4)
  A bombardier beetle (D:3)
  2 hounds (D:4)
  An orc priest (D:5)
  An iguana (D:3)
  4 gnolls (D:4)
  5 adders
  A dart slug (D:3)
  2 ribbon worms
  11 orcs
  4 endoplasms
  5 giant cockroaches
  13 goblins
  11 hobgoblins
  8 jackals
  7 kobolds
  5 quokkas
  3 ball pythons
  5 bats
  A frilled lizard (D:2)
  10 rats
104 creatures vanquished.

Vanquished Creatures (collateral kills)
  A goblin zombie (D:3)
1 creature vanquished.

Grand Total: 105 creatures vanquished

Notes
Turn   | Place    | Note
-------+----------+-------------------------------------------
     0 | D:1      | ezpacito the Demonspawn Chaos Knight began the quest for
                  | the Orb.
     0 | D:1      | Reached XP level 1. HP: 18/18 MP: 1/1
   101 | D:1      | XOM: potion effect (might)
   188 | D:1      | Reached skill level 1 in Dodging
   201 | D:1      | Gained mutation: You have a small tail. [demonic ancestry]
   201 | D:1      | Reached XP level 2. HP: 23/24 MP: 2/2
   206 | D:1      | XOM: divination: detect creatures
   431 | D:1      | XOM: 4-stop teleportation journey
   647 | D:1      | XOM: give mutations
   647 | D:1      | Gained mutation: You expend magic power (3 MP) to
                  | strengthen your wands. [Xom's grace]
   647 | D:1      | Gained mutation: Your mind is acute. (Int +4, Str/Dex -1)
                  | [Xom's grace]
   647 | D:1      | Gained mutation: Your spells are a little harder to cast,
                  | but a little more powerful. [Xom's grace]
  1007 | D:2      | Reached XP level 3. HP: 13/29 MP: 3/3
  1336 | D:2      | Found an ancient bone altar of Kikubaaqudgha.
  1475 | D:2      | Found a faded altar of an unknown god.
  1587 | D:2      | XOM: noise
  1891 | D:3      | Found a radiant altar of Vehumet.
  1908 | D:3      | Found a sparkling altar of Nemelex Xobeh.
  1916 | D:3      | Reached skill level 1 in Spellcasting
  1916 | D:3      | Gained mutation: You may rarely emit foul miasma when
                  | damaged in melee. [demonic ancestry]
  1916 | D:3      | Reached XP level 4. HP: 35/35 MP: 5/5
  1986 | D:3      | Found a hide-covered altar of Uskayaw.
  1990 | D:3      | Found a basalt altar of Yredelemnul.
  2142 | D:3      | XOM: give mutations
  2142 | D:3      | Lost mutation: Your mind is acute. (Int +4, Str/Dex -1)
                  | [Xom's mischief]
  2142 | D:3      | Gained mutation: Your natural rate of healing is unusually
                  | fast. [Xom's mischief]
  2142 | D:3      | Lost mutation: Your natural rate of healing is unusually
                  | fast. [Xom's mischief]
  2145 | D:3      | Noticed Grinder
  2148 | D:3      | XOM: summons 3 hostile demons
  2149 | D:3      | XOM: repel stairs
  2161 | D:3      | Reached skill level 1 in Unarmed Combat
  2161 | D:3      | XOM: 7-stop teleportation journey
  2165 | D:3      | Paralysed by Grinder for 3 turns
  2168 | D:3      | XOM: noise
  2169 | D:3      | XOM: scenery: summon butterflies
  2170 | D:3      | Reached XP level 5. HP: 22/41 MP: 6/6
  2170 | D:3      | XOM: polymorph iron imp -> cerulean imp
  2174 | D:3      | Killed Grinder
  2175 | D:3      | Reached skill level 1 in Throwing
  2175 | D:3      | Reached skill level 1 in Stealth
  2175 | D:3      | Reached XP level 6. HP: 28/48 MP: 6/8
  2733 | D:3      | Found a shimmering altar of Xom.
  2878 | D:4      | Found Lilokki's Armour Shoppe.
  2891 | D:4      | Found a staircase to the Ecumenical Temple.
  2932 | Temple   | Entered the Ecumenical Temple
  2959 | D:4      | Reached skill level 4 in Fighting
  3132 | D:4      | Reached XP level 7. HP: 45/54 MP: 10/10
  3699 | D:4      | XOM: give mutations
  3699 | D:4      | Gained mutation: You have a pair of small horns on your
                  | head. [Xom's mischief]
  3699 | D:4      | Lost mutation: You expend magic power (3 MP) to strengthen
                  | your wands. [Xom's mischief]
  3699 | D:4      | Gained mutation: You have an increased reservoir of magic.
                  | (+10% MP) [Xom's mischief]
  3763 | D:4      | XOM: butterfly on damage
  3964 | D:4      | XOM: give mutation
  3964 | D:4      | Gained mutation: Your flesh is heat resistant. (rF+) [Xom's
                  | mischief]
  3976 | D:5      | Entered Level 5 of the Dungeon
  3984 | D:5      | XOM: destruction
  4119 | D:5      | XOM: chaos upgrade
  4121 | D:5      | Slain by an ogre

Illustrated notes

Levels and vault maps discovered:
D:1:      lightli_arrival_windingriver, layout_basic,
          chequers_serial_rivers_small_3, minmay_misc_feat_pillars,
          minmay_misc_feat_rows, nicolae_concentric_dashed_squares_wild
D:2:      cheibrodos_greedy_goblins, layout_loops_ring,
          dreamdust_ecumenical_altar_angels_and_demons, basic_altar,
          grunt_decor_junction
D:3:      layout_basic, mainiacjoe_overflow_cross_hatched,
          overflow_temple_1_default, overflow_temple_1_default,
          jmf_multi_god_temple, uniq_grinder
D:4:      layout_basic, minmay_temple_entry_overgrown, serial_shops, shop
D:5:      layout_rooms, kennysheep_vampire_church
Temple:   zaba_magenta_temple

Skill      XL: |  1  2  3  4  5  6 |
---------------+-------------------+-----
Armour         | 2 3 |  3.3
Dodging        | 1 2 |  2.8
Axes           | 3 |  3.9
Spellcasting   | 1 2 |  2.4
Unarmed Combat | 1 2 |  2.3
Throwing       | 1 |  1.5
Stealth        | 1 |  1.7
Fighting       | 4 |  4.3

Action                     |  1- 3 |  4- 6 |  7- 9 || total
---------------------------+-------+-------+-------++-------
  Melee: Hand axe          |   127 |   137 |    41 ||   305
         Tailslap          |    18 |    19 |     5 ||    42
         Headbutt          |       |       |     5 ||     5
    Use: Scroll            |     3 |     1 |     1 ||     5
         Potion            |       |     1 |     2 ||     3
   Stab: Petrified         |       |    12 |       ||    12
         Sleeping          |       |     1 |     1 ||     2
 Armour: Leather armour    |    89 |   114 |    21 ||   224
  Dodge: Dodged            |    82 |   115 |    16 ||   213
  Block: Buckler           |    19 |    18 |     3 ||    40

Table legend: (Time is in decaauts)
 A = Elapsed time spent in this place.
 B = Non-inter-level travel time spent in this place.
 C = Inter-level travel time spent in this place.
 D = Time resting spent in this place.
 E = Time spent auto-exploring this place.
 F = Levels seen in this place.
 G = Mean time per level.
                   A        B        C        D        E       F      G
               +--------+--------+--------+--------+--------+-----+--------+
         Total |   4179 |   3877 |    302 |     93 |   3006 |   6 |  696.5 |
       Dungeon |   4177 |   3875 |    302 |     93 |   3006 |   5 |  835.4 |
        Temple |      1 |      1 |      0 |      0 |      0 |   1 |    1.0 |
               +--------+--------+--------+--------+--------+-----+--------+

Top non-repeatable levels by time:
     D:4: 1108 daAuts
     D:3: 1006 daAuts
     D:2: 965 daAuts
     D:1: 949 daAuts
     D:5: 146 daAuts
  Temple: 1 daAuts
